 Dungeon Crawl Stone Soup version 0.21.0-3-g78d12a8 (webtiles) character file.

127 pstr the Sneak (level 5, -1/42 HPs)
             Began as a Naga Earth Elementalist on Jan 17, 2018.
             Was an Initiate of Elyvilon.
             Slain by an orc wizard
             ... wielding a +0 dagger
              (4 damage)
             ... on level 2 of the Dungeon.
             The game lasted 00:05:31 (2389 turns).

pstr the Sneak (Naga Earth Elementalist)            Turns: 2389, Time: 00:05:32

Health: -1/42      AC:  2    Str: 10    XL:     5   Next: 11%
Magic:  0/9        EV: 10    Int: 17    God:    Elyvilon [......]
Gold:   57         SH:  0    Dex: 11    Spells: 6/10 levels left

rFire    . . .     SeeInvis +   (no weapon)
rCold    . . .     Gourm    .   (no shield)
rNeg     . . .     Faith    .   c - +0 robe
rPois    +         Spirit   .   (no helmet)
rElec    .         Reflect  .   (no cloak)
rCorr    .         Harm     .   (no gloves)
MR       .....                  (no barding)
Stlth    +++.......             (no amulet)
HPRegen  0.14/turn              (no ring)
MPRegen  0.11/turn              (no ring)

@: short of breath, hasted, quick
A: large, see invisible, deformed body, poison resistance, slowness 2, slow
metabolism 1, spit poison 1, AC +1
a: Spit Poison, Renounce Religion


You were on level 2 of the Dungeon.
You worshipped Elyvilon.
Elyvilon was noncommittal.
You were not hungry.

You visited 1 branch of the dungeon, and saw 3 of its levels.

You collected 57 gold pieces.

Inventory:

Hand Weapons
 h - a +0 vampiric dagger
Missiles
 b - 25 stones (quivered)
Armour
 c - a +0 robe (worn)
 f - a +0 leather armour
 m - a +0 helmet
Scrolls
 g - a scroll of remove curse {unknown}
 i - a scroll of blinking {unknown}
 k - a scroll of identify {unknown}
 l - 2 scrolls of teleportation {unknown}
 o - a scroll of noise {unknown}
 p - a scroll of immolation {unknown}
Potions
 a - 3 potions of haste
 j - a potion of might {unknown}
 n - a potion of mutation {unknown}
 q - a potion of curing {unknown}
Books
 e - a book of Geomancy

   Spells                             Type                      Level
   a - Sandblast                      Earth                        1
   b - Passwall                       Transmutation/Earth          2
   c - Stone Arrow                    Conjuration/Earth            3
   d - Petrify                        Transmutation/Earth          4
   e - Lee's Rapid Deconstruction     Earth                        5
Comestibles
 d - 6 rations
 r - 2 chunks of flesh


   Skills:
 + Level 1.7 Dodging
 + Level 4.5 Stealth
 + Level 3.2 Spellcasting
 + Level 1.2 Conjurations
   Level 1.0 Transmutations
 + Level 3.8 Earth Magic


You had 6 spell levels left.
You knew the following spells:

 Your Spells              Type           Power        Failure   Level  Hunger
a - Sandblast             Erth           ###...       3%          1    None
b - Stone Arrow           Conj/Erth      ##....       19%         3    ###....


Dungeon Overview and Level Annotations

Branches:
Dungeon (3/15)

Altars:
Elyvilon


Innate Abilities, Weirdness & Mutations

You cannot wear boots.
Your serpentine skin is tough. (AC +1)
You have supernaturally acute eyesight. (SInv)
Armour fits poorly on your strangely shaped body.
Your system is resistant to poisons. (rPois)
You cover ground very slowly.
You have a slow metabolism.
You can spit poison.


Message History

Aim: an orc wizard, wielding a dagger and wearing a robe The blast of sand hits the orc wizard.
The orc wizard is almost dead.
b - 25 stones The orc wizard mumbles some strange words.
The orc wizard seems to speed up.
The frilled lizard barely misses you.
Press: ? - help, Shift-Dir - straight line, f/p - orc wizard
Aim: an orc wizard, wielding a dagger and wearing a robe (almost dead, fast)
The splash of poison misses the orc wizard.
You feel slightly more hungry.
The orc wizard gestures at you while chanting.
The puff of frost hits you!
* * * LOW HITPOINT WARNING * * *
The frilled lizard bites you.
* * * LOW HITPOINT WARNING * * *
It was a potion of haste.
You feel yourself speed up. The orc wizard hits you with a dagger.
Elyvilon protects you from harm! The orc wizard hits you with a dagger.
You die...

....#######...#.........#.#
....# #.#.#..#.####.#.#
....# #.#....#.##.#.#รท#
....# #.##.#.#....#.#.#
##### #.##...####.#.#.#
#.#.........#...#
#.#.#so###^...###
#.#.##o################
#.#.##@l...............
#.#.###################
#.#......# #.######.#
#....<...# ##########


You could see an orc wizard, an orc, a giant cockroach and a frilled lizard.

Vanquished Creatures
  A howler monkey zombie (D:2)
  4 gnolls (D:2)
  2 adders (D:2)
  2 oozes (D:1)
  3 dart slugs
  3 leopard geckos
  An orc (D:2)
  3 goblins
  3 hobgoblins (D:1)
  4 jackals (D:2)
  3 kobolds
  A quokka (D:2)
  A ball python (D:2)
  9 bats
  3 frilled lizards
  5 rats (D:1)
48 creatures vanquished.

Notes
Turn   | Place    | Note
-------+----------+-------------------------------------------
     0 | D:1      | pstr the Naga Earth Elementalist began the quest for the Orb.
     0 | D:1      | Reached XP level 1. HP: 15/15 MP: 3/3
    63 | D:1      | Reached XP level 2. HP: 22/22 MP: 0/5
   305 | D:1      | Reached XP level 3. HP: 28/28 MP: 0/6
   310 | D:1      | Learned a level 3 spell: Stone Arrow
  1132 | D:2      | Found a white marble altar of Elyvilon.
  1141 | D:2      | Became a worshipper of Elyvilon the Healer
  1233 | D:2      | Reached XP level 4. HP: 36/36 MP: 1/8
  1775 | D:2      | Reached skill level 1 in Conjurations
  1796 | D:2      | Reached skill level 4 in Stealth
  1797 | D:2      | Reached XP level 5. HP: 21/42 MP: 0/9
  2389 | D:2      | Elyvilon protects you from harm!
  2389 | D:2      | Slain by an orc wizard

Skill      XL: |  1  2  3  4 |
---------------+-------------+-----
Spellcasting   | 3 |  3.2
Conjurations   | 1 |  1.2
Stealth        | 4 |  4.5
Dodging        | |  1.7
Transmutations | |  1.0
Earth Magic    | |  3.8

Action                   |  1- 3 |  4- 6 || total
-------------------------+-------+-------++-------
 Cast: Sandblast         |    27 |    13 ||    40
       Stone Arrow       |    10 |    18 ||    28
 Abil: Spit Poison       |     4 |     6 ||    10
  Use: Potion            |       |     1 ||     1
  Eat: Chunk             |     2 |     5 ||     7
Armor: Robe              |     2 |     1 ||     3
Dodge: Dodged            |    12 |    17 ||    29
